 Dungeon Crawl Stone Soup version 0.30-a0-313-gae38170b09 (webtiles) character file.

Game seed: 1602215262087648895

2 NinjaNoafa the Ducker (level 1, 0/18 HPs)
             Began as a Merfolk Monk on Oct 26, 2022.
             Slain by a quokka (3 damage)
             ... on level 1 of the Dungeon.
             The game lasted 00:00:12 (99 turns).

NinjaNoafa the Ducker (Merfolk Monk)                  Turns: 99, Time: 00:00:12

Health: 0/18       AC:  2    Str: 11    XL:     1   Next: 40%
Magic:  1/1        EV: 13    Int:  9    God:
Gold:   0          SH:  0    Dex: 16    Spells: 0/0 levels left

rFire   . . .      SeeInvis .    a - +0 short sword
rCold   . . .      Faith    .    (no shield)
rNeg    . . .      Spirit   .    b - +0 robe
rPois   .          Reflect  .    (no helmet)
rElec   .          Harm     .    (no cloak)
rCorr   .          Rampage  .    (no gloves)
Will    .....                    (no boots)
Stlth   ++........               (no amulet)
HPRegen 0.23/turn                (no ring)
MPRegen 0.07/turn                (no ring)

@: no status effects
A: (nimble swimmer 2), mertail
a: no special abilities


You were on level 1 of the Dungeon.
You visited 1 branch of the dungeon, and saw 1 of its levels.

Inventory:

Hand Weapons
 a - a +0 short sword (weapon)
Armour
 b - a +0 robe (worn)
Scrolls
 d - a scroll of teleportation {unknown}
Potions
 c - a potion of ambrosia


   Skills:
 - Level 3.2 Fighting
 + Level 3.9 Short Blades
 - Level 4.0 Dodging
 - Level 2.1 Stealth


You couldn't memorise any spells.
You didn't know any spells.
Your spell library was empty.

Dungeon Overview and Level Annotations

Branches:
Dungeon (1/15)

Altars:


Innate Abilities, Weirdness & Mutations

((You are very nimble when in or above water. (Stealth+, EV+, Speed+++)))
Your lower body shifts to a powerful aquatic tail in water.


Message History

The kobold is heavily wounded.
The bat hits you.
You hit the kobold.
The kobold is severely wounded.
The bat misses you. The kobold hits you but does no damage.
You closely miss the kobold.
The kobold is severely wounded.
The kobold hits you with a +0 whip.
You hit the kobold.
You kill the kobold!
The bat hits you.
The quokka bites you but does no damage.
The bat closely misses you. The quokka bites you. The quokka misses you.
You see here a +0 whip.
You miss the bat. The bat barely misses you.
You hit the kobold.
The kobold is moderately wounded.
The bat hits you but does no damage. The quokka misses you.
The kobold hits you with a +0 short sword.
The quokka misses you.
You barely miss the kobold.
The kobold is moderately wounded.
The bat misses you. The quokka misses you.
You closely miss the kobold.
The kobold is moderately wounded.
The bat closely misses you.
The kobold hits you with a +0 short sword.
The quokka closely misses you.
You hit the kobold.
You kill the kobold!
You barely miss the quokka. The bat closely misses you. The quokka bites you.
* * * LOW HITPOINT WARNING * * *
You closely miss the quokka. The quokka misses you. The bat misses you.
You hit the quokka but do no damage. The bat hits you but does no damage.
The quokka bites you.
* * * LOW HITPOINT WARNING * * *
You miss the quokka. The bat hits you but does no damage.
The quokka barely misses you.
You closely miss the quokka. The quokka bites you.
You die...

...... ##.#.#.#....
......######.#.#.#<.#.
.........##.#.#.##.#.
........##.#.#......
#......##.#.#######
#......##.#........
#......##.#######+#
####..r...##..........
#....@)...############
#......................
#.......###############
#....b... ....###..>.##
#.............# #....#
#.............# #......
#.............? ###....
..........###... #....
.... #... .....


You could see a quokka and a bat.

Vanquished Creatures
  2 kobolds (D:1)
2 creatures vanquished.

Notes
Turn   | Place    | Note
-------+----------+-------------------------------------------
     0 | D:1      | NinjaNoafa the Merfolk Monk began the quest for the Orb.
     0 | D:1      | Reached XP level 1. HP: 18/18 MP: 1/1
    99 | D:1      | Slain by a quokka

Illustrated notes

Levels and vault maps discovered:
D:1:      zelgadis_glass_arrival_large, layout_basic,
          chequers_ecumenical_altar_grove, chequers_serial_rivers_micro_e

Action                   || total
-------------------------++-------
Melee: Short sword       ||    19
Armor: Robe              ||     9
Dodge: Dodged            ||    23

Table legend: (Time is in decaauts)
 A = Elapsed time spent in this place.
 B = Non-inter-level travel time spent in this place.
 C = Inter-level travel time spent in this place.
 D = Time resting spent in this place.
 E = Time spent auto-exploring this place.
 F = Levels seen in this place.
 G = Mean time per level.
                   A        B        C        D        E       F      G
               +--------+--------+--------+--------+--------+-----+--------+
         Total |     95 |     95 |      0 |      0 |     70 |   1 |   95.0 |
       Dungeon |     95 |     95 |      0 |      0 |     70 |   1 |   95.0 |
               +--------+--------+--------+--------+--------+-----+--------+

Top non-repeatable levels by time:
     D:1: 95 daAuts
